[ PARTIDA AOE2 · #467012205 ]
UnrankedMuiscas vs Poles
[ ANÁLISIS DE REPETICIÓN · EXTRAÍDO DE LA PARTIDA GRABADA ]
Feudal
17:23
Castillos
21:58
Imperial
—
| APM promedio | 38.7 |
| APM pico | 84 |
| eAPM promedio | 22.8 |
| Aldeanos / militares | 115 / 2 |
Foco
⚔️ 31.1% · 🌾 68.9%
Fishing Ship ×22 · Unknown (2562) ×20 · Demolition Raft ×2
Feudal
9:15
Castillos
23:56
Imperial
33:11
| APM promedio | 44.0 |
| APM pico | 78 |
| eAPM promedio | 28.7 |
| Aldeanos / militares | 90 / 38 |
Foco
⚔️ 36.0% · 🌾 64.0%
Fishing Ship ×23 · Obuch ×20 · Scout Cavalry ×10 · Petard ×3 · Trebuchet (Packed) ×2 · Monk ×1
Feudal
11:23
Castillos
15:07
Imperial
31:27
| APM promedio | 42.6 |
| APM pico | 230 |
| eAPM promedio | 25.3 |
| Aldeanos / militares | 122 / 134 |
Foco
⚔️ 27.9% · 🌾 72.1%
Skirmisher ×114 · Fishing Ship ×18 · Scout Cavalry ×18 · Monk ×1 · Trebuchet (Packed) ×1
Feudal
12:27
Castillos
16:22
Imperial
—
| APM promedio | 44.1 |
| APM pico | 101 |
| eAPM promedio | 25.8 |
| Aldeanos / militares | 68 / 47 |
Foco
⚔️ 37.0% · 🌾 63.0%
Monk ×33 · Fishing Ship ×21 · Battering Ram ×11 · Mangonel ×3
Feudal
14:02
Castillos
18:22
Imperial
—
| APM promedio | 37.2 |
| APM pico | 105 |
| eAPM promedio | 15.6 |
| Aldeanos / militares | 73 / 5 |
Foco
⚔️ 15.6% · 🌾 84.4%
Mangonel ×5
Feudal
11:03
Castillos
14:39
Imperial
27:33
| APM promedio | 45.8 |
| APM pico | 140 |
| eAPM promedio | 30.4 |
| Aldeanos / militares | 163 / 78 |
Foco
⚔️ 33.8% · 🌾 66.2%
Elephant Archer ×67 · Fishing Ship ×13 · Armored Elephant ×6 · Trebuchet (Packed) ×4 · Monk ×1
Feudal
11:42
Castillos
15:36
Imperial
29:33
| APM promedio | 38.5 |
| APM pico | 80 |
| eAPM promedio | 24.6 |
| Aldeanos / militares | 129 / 69 |
Foco
⚔️ 23.7% · 🌾 76.3%
Samurai ×47 · Fishing Ship ×23 · Battering Ram ×7 · Monk ×6 · Mangonel ×6 · Trebuchet (Packed) ×3
Feudal
19:40
Castillos
27:45
Imperial
—
| APM promedio | 30.5 |
| APM pico | 86 |
| eAPM promedio | 20.4 |
| Aldeanos / militares | 129 / 0 |
Foco
⚔️ 20.4% · 🌾 79.6%
Mapa de la partida
Recursos iniciales + cada clic de construcción. Líneas = muros · curvas = relieve. ◆ oro · ⬟ piedra · ● bayas · ✦ reliquia · ◌ hueco del cierre
Tu base· ✓ Cerrada en 21:58 · 56t muro · sin puerta
Base de Torpedo· ✓ Cerrada en 23:56 · 1t muro · sin puerta
Base de LM | Gelga· ✓ Cerrada en 15:07 · 0t muro · sin puerta
Base de Rgeadn· ✓ Cerrada en 16:22 · 29t muro · sin puerta
Base de KekB_Perce1992· ✓ Cerrada en 18:22 · 50t muro · sin puerta
Base de Toady· ✓ Cerrada en 14:39 · 5t muro · sin puerta
Base de TopperHarley14· ✓ Cerrada en 15:36 · 49t muro · sin puerta
Base de Festering Goblin_1· ✓ Cerrada en 27:45 · 62t muro · sin puerta
Terreno inicial suavizado · ◌ = hueco del cierre detectado · pasá el cursor para detalles
Inputs por minuto
— Scherzkeks - - Torpedo
Build order — Scherzkeks
Primeras 150 de 281 acciones detectadas
| 0:00 | Crear | Villager (Male) |
| 0:01 | Crear | Villager (Male) |
| 0:02 | Construir | House |
| 0:04 | Construir | House |
| 0:08 | Crear | Villager (Male) |
| 0:10 | Crear | Villager (Male) |
| 0:19 | Investigar | Loom |
| 0:20 | Crear | Villager (Male) |
| 0:20 | Crear | Villager (Male) |
| 0:26 | Crear | Villager (Male) |
| 1:57 | Crear | Villager (Male) |
| 2:10 | Construir | Palisade Wall |
| 2:19 | Crear | Villager (Male) |
| 2:22 | Construir | Palisade Wall |
| 2:24 | Construir | Palisade Wall |
| 2:28 | Construir | Palisade Wall |
| 2:34 | Construir | Palisade Wall |
| 2:48 | Crear | Villager (Male) |
| 3:06 | Construir | Settlement |
| 3:12 | Crear | Villager (Male) |
| 3:47 | Crear | Villager (Male) |
| 3:50 | Construir | Palisade Wall |
| 4:34 | Crear | Villager (Male) |
| 4:57 | Crear | Villager (Male) |
| 4:58 | Crear | Villager (Male) |
| 5:22 | Construir | Palisade Wall |
| 5:23 | Construir | Palisade Wall |
| 5:24 | Construir | Palisade Wall |
| 5:25 | Crear | Villager (Male) |
| 5:56 | Crear | Villager (Male) |
| 6:15 | Crear | Villager (Male) |
| 7:14 | Crear | Villager (Male) |
| 7:14 | Crear | Villager (Male) |
| 7:29 | Construir | House |
| 7:38 | Crear | Villager (Male) |
| 7:38 | Crear | Villager (Male) |
| 7:57 | Crear | Villager (Male) |
| 7:57 | Crear | Villager (Male) |
| 8:22 | Construir | Palisade Wall |
| 8:31 | Crear | Villager (Male) |
| 8:45 | Crear | Villager (Male) |
| 8:56 | Construir | Palisade Wall |
| 9:00 | Crear | Villager (Male) |
| 9:04 | Construir | House |
| 9:25 | Construir | Palisade Wall |
| 9:35 | Crear | Villager (Male) |
| 9:49 | Construir | Settlement |
| 9:54 | Crear | Villager (Male) |
| 10:02 | Crear | Villager (Male) |
| 10:23 | Crear | Villager (Male) |
| 10:23 | Crear | Villager (Male) |
| 10:46 | Construir | Dock |
| 11:19 | Crear | Villager (Male) |
| 11:25 | Crear | Fishing Ship |
| 11:26 | Construir | House |
| 11:58 | Crear | Villager (Male) |
| 12:06 | Construir | Palisade Gate |
| 12:10 | Construir | Palisade Wall |
| 12:11 | Crear | Villager (Male) |
| 12:15 | Crear | Villager (Male) |
| 12:32 | Construir | Palisade Wall |
| 12:35 | Construir | Palisade Wall |
| 12:36 | Construir | Palisade Wall |
| 12:38 | Crear | Villager (Male) |
| 13:04 | Crear | Fishing Ship |
| 13:17 | Construir | Palisade Wall |
| 13:21 | Construir | Palisade Wall |
| 13:22 | Construir | Palisade Wall |
| 13:24 | Construir | Palisade Wall |
| 13:26 | Construir | Palisade Wall |
| 13:32 | Construir | Palisade Wall |
| 13:35 | Construir | Palisade Wall |
| 13:45 | Crear | Villager (Male) |
| 14:11 | Crear | Villager (Male) |
| 14:29 | Construir | Settlement |
| 14:31 | Crear | Villager (Male) |
| 14:51 | Crear | Villager (Male) |
| 15:08 | Investigar | Feudal Age |
| 15:12 | Construir | Farm |
| 15:45 | Construir | Palisade Wall |
| 15:53 | Construir | Palisade Wall |
| 15:54 | Construir | Palisade Wall |
| 15:57 | Construir | Palisade Wall |
| 16:02 | Construir | Palisade Wall |
| 16:04 | Construir | Palisade Wall |
| 16:06 | Crear | Villager (Male) |
| 16:08 | Construir | Settlement |
| 16:10 | Crear | Villager (Male) |
| 16:15 | Construir | Farm |
| 16:40 | Construir | Palisade Wall |
| 17:02 | Construir | Palisade Wall |
| 17:23 | Edad | Edad Feudal |
| 17:27 | Construir | Stone Wall |
| 17:29 | Construir | Market |
| 17:38 | Construir | Blacksmith |
| 18:15 | Construir | Settlement |
| 18:21 | Crear | Villager (Male) |
| 18:28 | Crear | Demolition Raft |
| 18:33 | Crear | Fishing Ship |
| 18:40 | Crear | Villager (Male) |
| 19:18 | Investigar | Castle Age |
| 19:39 | Crear | Fishing Ship |
| 19:39 | Crear | Fishing Ship |
| 20:23 | Investigar | Horse Collar |
| 20:26 | Investigar | Double-Bit Axe |
| 20:31 | Construir | Farm |
| 20:38 | Investigar | Horse Collar |
| 20:53 | Crear | Villager (Male) |
| 21:38 | Crear | Fishing Ship |
| 21:39 | Crear | Fishing Ship |
| 21:47 | Construir | Dock |
| 21:52 | Construir | House |
| 21:58 | Edad | Edad de los Castillos |
| 22:00 | Crear | Villager (Male) |
| 22:05 | Construir | Town Center |
| 22:15 | Construir | Town Center |
| 22:25 | Crear | Villager (Male) |
| 22:33 | Construir | Fish Trap |
| 22:36 | Construir | Fish Trap |
| 22:39 | Construir | Farm |
| 22:45 | Investigar | Town Watch |
| 22:48 | Investigar | Tech 906 |
| 22:51 | Construir | Fish Trap |
| 22:52 | Crear | Villager (Male) |
| 23:22 | Construir | Fish Trap |
| 23:24 | Crear | Villager (Male) |
| 23:24 | Crear | Villager (Male) |
| 23:25 | Crear | Villager (Male) |
| 23:25 | Crear | Villager (Male) |
| 23:25 | Crear | Villager (Male) |
| 23:28 | Construir | Fish Trap |
| 23:31 | Construir | Fish Trap |
| 23:37 | Crear | Fishing Ship |
| 23:40 | Crear | Villager (Male) |
| 23:51 | Construir | Fish Trap |
| 23:53 | Crear | Villager (Male) |
| 24:01 | Crear | Villager (Male) |
| 24:01 | Crear | Villager (Male) |
| 24:02 | Crear | Villager (Male) |
| 24:04 | Crear | Fishing Ship |
| 24:12 | Crear | Villager (Male) |
| 24:15 | Crear | Fishing Ship |
| 24:25 | Construir | Fish Trap |
| 24:28 | Crear | Villager (Male) |
| 24:28 | Crear | Villager (Male) |
| 24:36 | Construir | Stone Wall |
| 24:51 | Crear | Villager (Male) |
| 24:54 | Construir | Fish Trap |
| 24:56 | Crear | Fishing Ship |
| 25:13 | Construir | Fish Trap |
Build order — Torpedo
Primeras 150 de 269 acciones detectadas
| 0:00 | Crear | Villager (Male) |
| 0:00 | Crear | Villager (Male) |
| 0:01 | Crear | Villager (Male) |
| 0:01 | Crear | Villager (Male) |
| 0:02 | Construir | House |
| 0:03 | Construir | House |
| 1:26 | Crear | Villager (Male) |
| 1:53 | Crear | Villager (Male) |
| 2:23 | Crear | Villager (Male) |
| 2:29 | Crear | Villager (Male) |
| 2:34 | Construir | Lumber Camp |
| 2:50 | Crear | Villager (Male) |
| 3:26 | Crear | Villager (Male) |
| 3:36 | Construir | Mill |
| 3:42 | Crear | Villager (Male) |
| 4:08 | Crear | Villager (Male) |
| 4:24 | Crear | Villager (Male) |
| 4:51 | Crear | Villager (Male) |
| 4:59 | Crear | Villager (Male) |
| 5:19 | Crear | Villager (Male) |
| 5:27 | Crear | Villager (Male) |
| 5:37 | Construir | House |
| 6:29 | Crear | Villager (Male) |
| 7:00 | Investigar | Feudal Age |
| 7:03 | Crear | Villager (Male) |
| 7:56 | Construir | Barracks |
| 7:57 | Crear | Villager (Male) |
| 9:08 | Construir | Dock |
| 9:12 | Crear | Villager (Male) |
| 9:15 | Edad | Edad Feudal |
| 9:18 | Construir | Stable |
| 9:37 | Construir | House |
| 9:50 | Crear | Villager (Male) |
| 10:05 | Crear | Scout Cavalry |
| 10:06 | Crear | Scout Cavalry |
| 10:06 | Crear | Scout Cavalry |
| 10:07 | Crear | Fishing Ship |
| 10:15 | Crear | Transport Ship |
| 10:19 | Crear | Villager (Male) |
| 10:33 | Construir | House |
| 10:44 | Crear | Villager (Male) |
| 10:53 | Construir | House |
| 10:54 | Construir | House |
| 10:58 | Construir | House |
| 11:03 | Crear | Villager (Male) |
| 11:04 | Investigar | Loom |
| 11:34 | Construir | Mill |
| 11:54 | Crear | Scout Cavalry |
| 11:54 | Crear | Scout Cavalry |
| 11:56 | Construir | House |
| 12:01 | Crear | Villager (Male) |
| 12:16 | Crear | Scout Cavalry |
| 12:16 | Crear | Scout Cavalry |
| 12:25 | Crear | Scout Cavalry |
| 12:43 | Crear | Villager (Male) |
| 12:53 | Investigar | Loom |
| 12:53 | Investigar | Loom |
| 13:35 | Crear | Villager (Male) |
| 13:35 | Crear | Villager (Male) |
| 13:36 | Crear | Villager (Male) |
| 13:40 | Investigar | Horse Collar |
| 13:40 | Investigar | Horse Collar |
| 13:47 | Construir | Dock |
| 13:49 | Construir | Farm |
| 13:50 | Construir | Farm |
| 14:07 | Crear | Villager (Male) |
| 14:07 | Crear | Villager (Male) |
| 14:12 | Construir | Farm |
| 14:12 | Construir | Farm |
| 14:13 | Construir | Farm |
| 14:13 | Construir | Farm |
| 14:13 | Construir | Farm |
| 14:18 | Crear | Villager (Male) |
| 14:20 | Construir | House |
| 14:21 | Construir | House |
| 14:35 | Construir | Farm |
| 14:35 | Construir | Farm |
| 14:40 | Crear | Fishing Ship |
| 14:40 | Crear | Fishing Ship |
| 14:47 | Construir | House |
| 15:01 | Crear | Villager (Male) |
| 15:01 | Crear | Villager (Male) |
| 15:02 | Crear | Villager (Male) |
| 15:05 | Construir | Farm |
| 15:27 | Construir | Watch Tower |
| 15:33 | Construir | Blacksmith |
| 15:37 | Crear | Villager (Male) |
| 15:41 | Crear | Scout Cavalry |
| 15:41 | Crear | Scout Cavalry |
| 15:46 | Crear | Villager (Male) |
| 15:53 | Crear | Villager (Male) |
| 15:58 | Construir | House |
| 15:58 | Crear | Fishing Ship |
| 16:13 | Crear | Villager (Male) |
| 16:14 | Construir | Mining Camp |
| 16:28 | Crear | Galley |
| 16:36 | Investigar | Fletching |
| 16:37 | Crear | Villager (Male) |
| 16:41 | Construir | Farm |
| 16:44 | Construir | Farm |
| 16:52 | Crear | Fishing Ship |
| 16:53 | Crear | Fishing Ship |
| 17:25 | Construir | Dock |
| 17:53 | Construir | Fish Trap |
| 17:58 | Investigar | Wheelbarrow |
| 17:58 | Investigar | Wheelbarrow |
| 18:15 | Construir | Fish Trap |
| 18:37 | Crear | Fishing Ship |
| 18:51 | Investigar | Stone Mining |
| 18:54 | Crear | Villager (Male) |
| 18:54 | Crear | Villager (Male) |
| 18:58 | Construir | Outpost |
| 19:14 | Construir | Watch Tower |
| 19:18 | Investigar | Town Watch |
| 19:19 | Crear | Villager (Male) |
| 19:19 | Crear | Villager (Male) |
| 19:25 | Crear | Fishing Ship |
| 19:34 | Crear | Fishing Ship |
| 19:46 | Construir | Fish Trap |
| 20:14 | Crear | Fishing Ship |
| 20:45 | Construir | Lumber Camp |
| 21:09 | Construir | Fish Trap |
| 21:16 | Investigar | Castle Age |
| 21:20 | Crear | Fishing Ship |
| 21:20 | Crear | Fishing Ship |
| 21:25 | Crear | Villager (Male) |
| 21:25 | Crear | Villager (Male) |
| 21:47 | Investigar | Double-Bit Axe |
| 21:48 | Crear | Villager (Male) |
| 22:00 | Construir | Palisade Wall |
| 22:23 | Construir | Fish Trap |
| 22:26 | Construir | Fish Trap |
| 22:59 | Construir | Mining Camp |
| 23:08 | Investigar | Gold Mining |
| 23:13 | Crear | Fishing Ship |
| 23:13 | Crear | Fishing Ship |
| 23:29 | Construir | Fish Trap |
| 23:30 | Crear | Villager (Male) |
| 23:56 | Edad | Edad de los Castillos |
| 24:19 | Construir | Castle |
| 24:31 | Investigar | Bodkin Arrow |
| 24:32 | Crear | Villager (Male) |
| 24:33 | Crear | Villager (Male) |
| 24:45 | Investigar | Bow Saw |
| 24:46 | Investigar | Heavy Plow |
| 24:48 | Investigar | Stone Shaft Mining |
| 25:00 | Construir | Fish Trap |
| 25:07 | Construir | Fish Trap |
| 25:33 | Construir | Town Center |
| 25:57 | Crear | Villager (Male) |
Build order — LM | Gelga
Primeras 150 de 339 acciones detectadas
| 0:01 | Crear | Villager (Male) |
| 0:02 | Crear | Villager (Male) |
| 0:02 | Crear | Villager (Male) |
| 0:02 | Crear | Villager (Male) |
| 0:04 | Construir | House |
| 0:06 | Construir | House |
| 1:24 | Crear | Villager (Male) |
| 1:46 | Construir | Lumber Camp |
| 1:58 | Crear | Villager (Male) |
| 2:15 | Crear | Villager (Male) |
| 3:13 | Crear | Villager (Male) |
| 3:13 | Crear | Villager (Male) |
| 3:43 | Crear | Villager (Male) |
| 4:13 | Crear | Villager (Male) |
| 4:15 | Construir | House |
| 4:16 | Construir | House |
| 4:43 | Crear | Villager (Male) |
| 5:07 | Construir | Dock |
| 5:10 | Crear | Villager (Male) |
| 5:29 | Crear | Villager (Male) |
| 5:55 | Crear | Fishing Ship |
| 6:08 | Crear | Villager (Male) |
| 6:19 | Crear | Villager (Male) |
| 6:20 | Crear | Fishing Ship |
| 6:41 | Construir | House |
| 6:54 | Crear | Villager (Male) |
| 7:13 | Crear | Villager (Male) |
| 7:14 | Crear | Fishing Ship |
| 7:26 | Crear | Villager (Male) |
| 8:17 | Construir | Mill |
| 8:23 | Crear | Villager (Male) |
| 8:36 | Crear | Villager (Male) |
| 8:54 | Construir | Mining Camp |
| 9:10 | Investigar | Feudal Age |
| 9:27 | Construir | House |
| 11:09 | Crear | Villager (Male) |
| 11:09 | Crear | Villager (Male) |
| 11:23 | Edad | Edad Feudal |
| 11:28 | Construir | Market |
| 11:32 | Construir | Blacksmith |
| 12:27 | Investigar | Castle Age |
| 13:09 | Investigar | Double-Bit Axe |
| 13:41 | Crear | Fishing Ship |
| 13:52 | Construir | Dock |
| 13:56 | Investigar | Gold Mining |
| 14:18 | Construir | House |
| 14:18 | Construir | House |
| 14:37 | Construir | Fish Trap |
| 14:47 | Crear | Villager (Male) |
| 15:03 | Construir | Fish Trap |
| 15:07 | Crear | Fishing Ship |
| 15:07 | Edad | Edad de los Castillos |
| 15:19 | Construir | Town Center |
| 15:21 | Crear | Villager (Male) |
| 15:28 | Construir | Fish Trap |
| 15:38 | Crear | Fishing Ship |
| 15:40 | Crear | Villager (Male) |
| 15:42 | Investigar | Loom |
| 15:50 | Construir | Farm |
| 15:51 | Construir | Farm |
| 15:53 | Crear | Villager (Male) |
| 15:53 | Crear | Villager (Male) |
| 15:54 | Crear | Villager (Male) |
| 16:07 | Crear | Villager (Male) |
| 16:08 | Crear | Villager (Male) |
| 16:10 | Construir | Fish Trap |
| 16:14 | Crear | Villager (Male) |
| 16:26 | Construir | Fish Trap |
| 16:30 | Crear | Villager (Male) |
| 16:30 | Crear | Villager (Male) |
| 16:33 | Construir | Farm |
| 16:46 | Investigar | Horse Collar |
| 16:47 | Crear | Villager (Male) |
| 16:59 | Crear | Villager (Male) |
| 17:04 | Construir | Farm |
| 17:06 | Construir | Farm |
| 17:09 | Crear | Villager (Male) |
| 17:12 | Construir | Farm |
| 17:19 | Crear | Fishing Ship |
| 17:24 | Construir | House |
| 17:25 | Construir | House |
| 17:29 | Crear | Villager (Male) |
| 17:29 | Crear | Villager (Male) |
| 17:41 | Crear | Villager (Male) |
| 17:44 | Construir | Farm |
| 17:49 | Construir | Fish Trap |
| 18:00 | Crear | Villager (Male) |
| 18:00 | Crear | Villager (Male) |
| 18:02 | Construir | Fish Trap |
| 18:06 | Crear | Villager (Male) |
| 18:10 | Crear | Fishing Ship |
| 18:35 | Investigar | Bow Saw |
| 18:39 | Construir | Farm |
| 18:42 | Crear | Villager (Male) |
| 18:58 | Construir | Fish Trap |
| 19:02 | Crear | Villager (Male) |
| 19:02 | Crear | Villager (Male) |
| 19:14 | Construir | Barracks |
| 19:17 | Crear | Villager (Male) |
| 19:18 | Crear | Villager (Male) |
| 19:21 | Crear | Fishing Ship |
| 19:30 | Crear | Fishing Ship |
| 19:34 | Investigar | Wheelbarrow |
| 19:48 | Construir | Farm |
| 19:50 | Construir | Farm |
| 19:52 | Crear | Villager (Male) |
| 20:02 | Construir | Stable |
| 20:05 | Crear | Villager (Male) |
| 20:05 | Crear | Villager (Male) |
| 20:08 | Construir | Fish Trap |
| 20:14 | Construir | Fish Trap |
| 20:17 | Crear | Villager (Male) |
| 20:20 | Construir | House |
| 20:21 | Construir | House |
| 20:28 | Investigar | Tech 906 |
| 20:31 | Crear | Villager (Male) |
| 20:43 | Construir | House |
| 20:44 | Construir | House |
| 20:51 | Investigar | Light Cavalry (upgrade) |
| 20:57 | Construir | Stable |
| 21:01 | Crear | Villager (Male) |
| 21:03 | Crear | Fishing Ship |
| 21:03 | Crear | Fishing Ship |
| 21:27 | Crear | Villager (Male) |
| 21:28 | Crear | Villager (Male) |
| 21:32 | Construir | Mill |
| 21:34 | Construir | Farm |
| 21:35 | Construir | Farm |
| 21:35 | Construir | Farm |
| 21:35 | Construir | Farm |
| 21:35 | Construir | Farm |
| 21:36 | Construir | Farm |
| 21:38 | Crear | Scout Cavalry |
| 21:39 | Crear | Scout Cavalry |
| 21:39 | Crear | Scout Cavalry |
| 21:42 | Crear | Villager (Male) |
| 21:48 | Construir | Fish Trap |
| 21:53 | Construir | Fish Trap |
| 21:59 | Crear | Fishing Ship |
| 21:59 | Crear | Fishing Ship |
| 22:01 | Crear | Villager (Male) |
| 22:01 | Crear | Villager (Male) |
| 22:09 | Crear | Scout Cavalry |
| 22:09 | Crear | Scout Cavalry |
| 22:17 | Construir | Farm |
| 22:18 | Construir | Farm |
| 22:26 | Construir | Farm |
| 22:29 | Construir | Farm |
| 22:31 | Construir | Farm |
| 22:33 | Crear | Villager (Male) |
Build order — Rgeadn
Primeras 150 de 233 acciones detectadas
| 0:02 | Crear | Villager (Male) |
| 0:03 | Construir | House |
| 0:04 | Construir | House |
| 0:20 | Crear | Villager (Male) |
| 0:21 | Investigar | Loom |
| 0:38 | Crear | Villager (Male) |
| 0:38 | Crear | Villager (Male) |
| 0:51 | Construir | Palisade Wall |
| 1:40 | Crear | Villager (Male) |
| 1:41 | Crear | Villager (Male) |
| 1:48 | Construir | Palisade Wall |
| 2:28 | Crear | Villager (Male) |
| 3:01 | Crear | Villager (Male) |
| 3:46 | Construir | Palisade Wall |
| 3:47 | Crear | Villager (Male) |
| 4:18 | Crear | Villager (Male) |
| 4:24 | Construir | Palisade Wall |
| 4:49 | Crear | Villager (Male) |
| 4:53 | Construir | Lumber Camp |
| 5:12 | Crear | Villager (Male) |
| 5:33 | Crear | Villager (Male) |
| 5:33 | Crear | Villager (Male) |
| 5:44 | Construir | House |
| 5:57 | Construir | Palisade Wall |
| 6:05 | Crear | Villager (Male) |
| 6:10 | Construir | Palisade Wall |
| 6:21 | Crear | Villager (Male) |
| 6:21 | Crear | Villager (Male) |
| 6:40 | Construir | House |
| 6:48 | Crear | Villager (Male) |
| 6:58 | Crear | Villager (Male) |
| 7:13 | Crear | Villager (Male) |
| 7:31 | Crear | Villager (Male) |
| 7:55 | Construir | Mill |
| 8:04 | Construir | House |
| 8:14 | Crear | Villager (Male) |
| 8:15 | Crear | Villager (Male) |
| 8:49 | Crear | Villager (Male) |
| 8:49 | Crear | Villager (Male) |
| 8:50 | Crear | Villager (Male) |
| 8:50 | Crear | Villager (Male) |
| 9:11 | Crear | Villager (Male) |
| 10:15 | Construir | Mining Camp |
| 10:17 | Investigar | Feudal Age |
| 11:01 | Crear | Villager (Male) |
| 11:01 | Crear | Villager (Male) |
| 11:26 | Construir | Mill |
| 11:57 | Construir | Dock |
| 12:27 | Edad | Edad Feudal |
| 12:36 | Construir | Market |
| 12:39 | Construir | Blacksmith |
| 12:42 | Crear | Villager (Male) |
| 13:17 | Construir | Lumber Camp |
| 13:35 | Investigar | Castle Age |
| 13:41 | Construir | House |
| 14:14 | Investigar | Double-Bit Axe |
| 14:36 | Investigar | Horse Collar |
| 14:36 | Investigar | Horse Collar |
| 15:02 | Investigar | Gold Mining |
| 15:04 | Crear | Fishing Ship |
| 15:48 | Crear | Villager (Male) |
| 16:18 | Crear | Villager (Male) |
| 16:22 | Edad | Edad de los Castillos |
| 16:23 | Construir | Siege Workshop |
| 16:25 | Construir | Monastery |
| 16:45 | Crear | Villager (Male) |
| 16:52 | Construir | House |
| 17:05 | Crear | Mangonel |
| 17:09 | Crear | Monk |
| 17:15 | Crear | Villager (Male) |
| 17:20 | Construir | House |
| 17:32 | Crear | Fishing Ship |
| 17:36 | Crear | Mangonel |
| 17:38 | Crear | Monk |
| 17:39 | Crear | Villager (Male) |
| 17:50 | Crear | Villager (Male) |
| 18:16 | Crear | Villager (Male) |
| 18:18 | Construir | House |
| 18:19 | Crear | Fishing Ship |
| 18:37 | Investigar | Redemption |
| 18:38 | Investigar | Redemption |
| 18:53 | Crear | Villager (Male) |
| 19:00 | Crear | Fishing Ship |
| 19:10 | Crear | Mangonel |
| 19:13 | Crear | Villager (Male) |
| 19:21 | Construir | Monastery |
| 19:38 | Crear | Villager (Male) |
| 19:51 | Investigar | Sanctity |
| 19:51 | Investigar | Sanctity |
| 19:57 | Crear | Villager (Male) |
| 20:07 | Crear | Villager (Male) |
| 20:12 | Crear | Monk |
| 20:14 | Construir | House |
| 20:14 | Construir | House |
| 20:18 | Construir | Barracks |
| 20:27 | Crear | Monk |
| 20:29 | Crear | Villager (Male) |
| 20:31 | Crear | Fishing Ship |
| 20:33 | Construir | Fish Trap |
| 20:59 | Crear | Villager (Male) |
| 20:59 | Crear | Villager (Male) |
| 21:00 | Construir | House |
| 21:22 | Crear | Villager (Male) |
| 21:27 | Crear | Monk |
| 21:27 | Crear | Monk |
| 21:55 | Crear | Monk |
| 21:56 | Crear | Monk |
| 21:57 | Crear | Villager (Male) |
| 22:00 | Crear | Battering Ram |
| 22:02 | Construir | House |
| 22:03 | Construir | House |
| 22:04 | Crear | Villager (Male) |
| 22:19 | Crear | Fishing Ship |
| 22:21 | Construir | Fish Trap |
| 22:23 | Construir | Fish Trap |
| 22:26 | Crear | Villager (Male) |
| 22:30 | Crear | Monk |
| 22:31 | Crear | Battering Ram |
| 22:36 | Construir | Fish Trap |
| 22:41 | Construir | Fish Trap |
| 22:52 | Construir | Dock |
| 22:57 | Crear | Monk |
| 23:06 | Crear | Battering Ram |
| 23:13 | Crear | Villager (Male) |
| 23:19 | Construir | Fish Trap |
| 23:31 | Crear | Battering Ram |
| 23:42 | Construir | Stone Wall |
| 23:48 | Crear | Villager (Male) |
| 23:54 | Crear | Battering Ram |
| 23:58 | Crear | Villager (Male) |
| 24:00 | Construir | Lumber Camp |
| 24:21 | Construir | Mining Camp |
| 24:25 | Crear | Villager (Male) |
| 24:27 | Crear | Battering Ram |
| 24:39 | Construir | Lumber Camp |
| 24:47 | Investigar | Tech 906 |
| 24:47 | Investigar | Tech 906 |
| 24:50 | Crear | Villager (Male) |
| 24:57 | Crear | Villager (Male) |
| 25:09 | Crear | Battering Ram |
| 25:11 | Crear | Villager (Male) |
| 25:14 | Crear | Fishing Ship |
| 25:15 | Crear | Fishing Ship |
| 25:32 | Crear | Villager (Male) |
| 25:35 | Crear | Battering Ram |
| 25:56 | Crear | Villager (Male) |
| 26:00 | Crear | Villager (Male) |
| 26:07 | Construir | Stone Wall |
| 26:09 | Crear | Villager (Male) |
| 26:30 | Crear | Monk |
Build order — KekB_Perce1992
Primeras 150 de 153 acciones detectadas
| 0:00 | Crear | Villager (Male) |
| 0:01 | Crear | Villager (Male) |
| 0:01 | Crear | Villager (Male) |
| 0:01 | Crear | Villager (Male) |
| 0:02 | Crear | Villager (Male) |
| 0:03 | Construir | House |
| 0:04 | Construir | House |
| 1:35 | Investigar | Loom |
| 1:41 | Crear | Villager (Male) |
| 1:58 | Crear | Villager (Male) |
| 3:13 | Crear | Villager (Male) |
| 4:11 | Crear | Villager (Male) |
| 5:04 | Crear | Villager (Male) |
| 5:22 | Construir | Palisade Wall |
| 5:25 | Construir | Palisade Wall |
| 5:40 | Crear | Villager (Male) |
| 5:55 | Construir | Palisade Wall |
| 6:04 | Crear | Villager (Male) |
| 6:13 | Construir | House |
| 6:52 | Crear | Villager (Male) |
| 7:13 | Crear | Villager (Male) |
| 7:27 | Crear | Villager (Male) |
| 8:02 | Crear | Villager (Male) |
| 8:08 | Crear | Villager (Male) |
| 8:33 | Crear | Villager (Male) |
| 8:37 | Construir | House |
| 8:58 | Crear | Villager (Male) |
| 9:16 | Construir | House |
| 9:35 | Crear | Villager (Male) |
| 9:49 | Crear | Villager (Male) |
| 9:59 | Construir | Lumber Camp |
| 10:16 | Crear | Villager (Male) |
| 10:43 | Crear | Villager (Male) |
| 11:10 | Crear | Villager (Male) |
| 11:18 | Construir | Mill |
| 11:50 | Investigar | Feudal Age |
| 12:48 | Construir | House |
| 12:49 | Construir | House |
| 12:51 | Crear | Villager (Male) |
| 12:54 | Construir | House |
| 12:55 | Construir | House |
| 12:57 | Construir | House |
| 12:58 | Construir | House |
| 14:02 | Edad | Edad Feudal |
| 14:05 | Crear | Villager (Male) |
| 14:10 | Construir | Blacksmith |
| 14:15 | Construir | Market |
| 14:29 | Investigar | Double-Bit Axe |
| 14:49 | Crear | Villager (Male) |
| 15:02 | Construir | Mining Camp |
| 15:17 | Crear | Villager (Male) |
| 15:39 | Investigar | Castle Age |
| 15:45 | Construir | Mining Camp |
| 16:36 | Construir | Stone Wall |
| 16:38 | Construir | Stone Wall |
| 16:39 | Construir | Stone Wall |
| 16:48 | Construir | Stone Wall |
| 16:51 | Construir | Stone Wall |
| 16:57 | Construir | Stone Wall |
| 16:58 | Construir | Stone Wall |
| 17:25 | Construir | Outpost |
| 17:28 | Construir | Outpost |
| 17:30 | Construir | Outpost |
| 17:49 | Investigar | Town Watch |
| 18:22 | Edad | Edad de los Castillos |
| 18:25 | Construir | Siege Workshop |
| 18:41 | Crear | Villager (Male) |
| 18:41 | Crear | Villager (Male) |
| 19:06 | Crear | Mangonel |
| 19:22 | Crear | Villager (Male) |
| 19:31 | Construir | Farm |
| 19:31 | Construir | Farm |
| 19:32 | Construir | Farm |
| 19:34 | Crear | Mangonel |
| 19:40 | Crear | Villager (Male) |
| 20:10 | Crear | Villager (Male) |
| 20:20 | Crear | Villager (Male) |
| 20:24 | Crear | Villager (Male) |
| 20:44 | Crear | Villager (Male) |
| 20:54 | Construir | Castle |
| 21:50 | Construir | Farm |
| 21:51 | Construir | Farm |
| 22:04 | Construir | Farm |
| 22:08 | Investigar | Fletching |
| 22:25 | Construir | Farm |
| 22:37 | Crear | Villager (Male) |
| 22:44 | Construir | House |
| 22:45 | Construir | House |
| 22:48 | Construir | House |
| 22:54 | Construir | Barracks |
| 22:58 | Construir | Barracks |
| 23:00 | Crear | Villager (Male) |
| 23:05 | Construir | Farm |
| 23:17 | Crear | Villager (Male) |
| 23:34 | Construir | Farm |
| 23:36 | Crear | Villager (Male) |
| 23:49 | Construir | Town Center |
| 23:51 | Crear | Villager (Male) |
| 24:01 | Construir | Farm |
| 24:14 | Crear | Villager (Male) |
| 24:28 | Crear | Villager (Male) |
| 25:08 | Crear | Mangonel |
| 26:25 | Crear | Villager (Male) |
| 26:26 | Crear | Villager (Male) |
| 26:26 | Crear | Villager (Male) |
| 26:26 | Crear | Villager (Male) |
| 26:26 | Crear | Villager (Male) |
| 26:27 | Crear | Villager (Male) |
| 26:27 | Crear | Villager (Male) |
| 26:36 | Crear | Villager (Male) |
| 27:05 | Crear | Villager (Male) |
| 27:41 | Crear | Villager (Male) |
| 28:24 | Crear | Villager (Male) |
| 28:33 | Crear | Villager (Male) |
| 28:38 | Construir | Castle |
| 28:49 | Crear | Mangonel |
| 29:31 | Crear | Villager (Male) |
| 29:31 | Crear | Villager (Male) |
| 30:08 | Crear | Villager (Male) |
| 30:08 | Crear | Villager (Male) |
| 30:15 | Construir | Farm |
| 30:17 | Crear | Mangonel |
| 30:46 | Crear | Villager (Male) |
| 30:46 | Crear | Villager (Male) |
| 30:56 | Construir | Market |
| 30:59 | Crear | Villager (Male) |
| 31:13 | Crear | Villager (Male) |
| 31:14 | Crear | Villager (Male) |
| 31:45 | Crear | Villager (Male) |
| 31:46 | Crear | Villager (Male) |
| 32:14 | Crear | Villager (Male) |
| 32:38 | Construir | Town Center |
| 32:40 | Crear | Villager (Male) |
| 32:40 | Crear | Villager (Male) |
| 33:06 | Crear | Villager (Male) |
| 33:06 | Crear | Villager (Male) |
| 33:37 | Construir | Mill |
| 33:38 | Construir | Farm |
| 33:38 | Construir | Farm |
| 33:39 | Construir | Farm |
| 33:39 | Construir | Farm |
| 33:40 | Construir | Farm |
| 33:59 | Construir | Farm |
| 33:59 | Construir | Farm |
| 33:59 | Construir | Farm |
| 34:18 | Crear | Villager (Male) |
| 34:22 | Construir | House |
| 34:22 | Construir | House |
| 34:23 | Construir | House |
| 34:24 | Construir | House |
Build order — Toady
Primeras 150 de 418 acciones detectadas
| 0:00 | Crear | Villager (Male) |
| 0:01 | Construir | House |
| 0:02 | Construir | House |
| 0:05 | Crear | Villager (Male) |
| 0:06 | Crear | Villager (Male) |
| 0:07 | Crear | Villager (Male) |
| 1:25 | Crear | Villager (Male) |
| 1:36 | Crear | Villager (Male) |
| 1:44 | Construir | Lumber Camp |
| 2:18 | Crear | Villager (Male) |
| 2:43 | Crear | Villager (Male) |
| 3:01 | Crear | Villager (Male) |
| 3:32 | Crear | Villager (Male) |
| 3:48 | Crear | Villager (Male) |
| 4:16 | Construir | House |
| 4:24 | Crear | Villager (Male) |
| 4:36 | Construir | Dock |
| 5:02 | Crear | Villager (Male) |
| 5:04 | Construir | House |
| 5:13 | Crear | Fishing Ship |
| 5:20 | Crear | Villager (Male) |
| 5:48 | Crear | Villager (Male) |
| 5:51 | Crear | Fishing Ship |
| 6:14 | Crear | Villager (Male) |
| 6:21 | Crear | Villager (Male) |
| 6:33 | Construir | House |
| 6:35 | Construir | Palisade Wall |
| 6:37 | Construir | Palisade Wall |
| 6:43 | Construir | Palisade Wall |
| 6:44 | Construir | Palisade Wall |
| 6:49 | Crear | Villager (Male) |
| 7:03 | Construir | Palisade Wall |
| 7:20 | Crear | Villager (Male) |
| 7:21 | Crear | Fishing Ship |
| 7:22 | Crear | Villager (Male) |
| 7:26 | Construir | Mill |
| 7:38 | Crear | Villager (Male) |
| 8:06 | Crear | Fishing Ship |
| 8:39 | Crear | Villager (Male) |
| 8:44 | Construir | Mining Camp |
| 8:53 | Investigar | Feudal Age |
| 9:24 | Construir | House |
| 9:33 | Crear | Villager (Male) |
| 10:58 | Crear | Villager (Male) |
| 11:03 | Edad | Edad Feudal |
| 11:07 | Construir | Market |
| 11:10 | Construir | Blacksmith |
| 11:14 | Construir | Blacksmith |
| 11:59 | Investigar | Castle Age |
| 12:08 | Construir | House |
| 12:49 | Crear | Villager (Male) |
| 13:20 | Construir | Farm |
| 13:30 | Investigar | Double-Bit Axe |
| 13:42 | Investigar | Horse Collar |
| 13:53 | Crear | Fishing Ship |
| 13:56 | Construir | Fish Trap |
| 14:00 | Crear | Fishing Ship |
| 14:03 | Investigar | Tech 906 |
| 14:09 | Crear | Villager (Male) |
| 14:20 | Crear | Villager (Male) |
| 14:38 | Construir | Fish Trap |
| 14:39 | Edad | Edad de los Castillos |
| 14:41 | Construir | Fish Trap |
| 14:43 | Crear | Villager (Male) |
| 14:44 | Construir | Town Center |
| 14:52 | Construir | Town Center |
| 15:05 | Crear | Villager (Male) |
| 15:11 | Crear | Villager (Male) |
| 15:23 | Investigar | Bow Saw |
| 15:37 | Construir | Fish Trap |
| 15:42 | Crear | Villager (Male) |
| 15:54 | Construir | House |
| 15:59 | Construir | Fish Trap |
| 16:07 | Crear | Villager (Male) |
| 16:08 | Crear | Villager (Male) |
| 16:09 | Crear | Villager (Male) |
| 16:11 | Crear | Villager (Male) |
| 16:13 | Construir | Farm |
| 16:15 | Crear | Villager (Male) |
| 16:19 | Crear | Villager (Male) |
| 16:21 | Crear | Villager (Male) |
| 16:28 | Crear | Fishing Ship |
| 16:32 | Construir | Farm |
| 16:34 | Construir | Farm |
| 16:39 | Construir | Farm |
| 16:41 | Crear | Villager (Male) |
| 16:51 | Crear | Fishing Ship |
| 17:01 | Crear | Villager (Male) |
| 17:03 | Crear | Villager (Male) |
| 17:10 | Construir | Fish Trap |
| 17:15 | Construir | Farm |
| 17:17 | Construir | Farm |
| 17:18 | Crear | Villager (Male) |
| 17:28 | Crear | Villager (Male) |
| 17:30 | Construir | Farm |
| 17:34 | Crear | Villager (Male) |
| 17:50 | Crear | Villager (Male) |
| 17:55 | Construir | Fish Trap |
| 18:02 | Construir | Town Center |
| 18:02 | Crear | Villager (Male) |
| 18:04 | Crear | Villager (Male) |
| 18:05 | Crear | Villager (Male) |
| 18:05 | Crear | Villager (Male) |
| 18:10 | Construir | House |
| 18:19 | Investigar | Wheelbarrow |
| 18:22 | Construir | Farm |
| 18:29 | Crear | Villager (Male) |
| 18:38 | Construir | Farm |
| 18:39 | Construir | Farm |
| 18:41 | Crear | Villager (Male) |
| 18:46 | Construir | Farm |
| 18:48 | Crear | Villager (Male) |
| 18:52 | Crear | Villager (Male) |
| 18:58 | Construir | Farm |
| 19:02 | Construir | Monastery |
| 19:02 | Crear | Villager (Male) |
| 19:06 | Construir | Farm |
| 19:07 | Construir | House |
| 19:09 | Construir | Farm |
| 19:12 | Construir | Farm |
| 19:13 | Crear | Villager (Male) |
| 19:17 | Crear | Fishing Ship |
| 19:27 | Crear | Villager (Male) |
| 19:30 | Crear | Villager (Male) |
| 19:33 | Construir | Farm |
| 19:35 | Crear | Villager (Male) |
| 19:35 | Crear | Villager (Male) |
| 19:40 | Construir | House |
| 19:40 | Construir | House |
| 19:41 | Construir | House |
| 19:41 | Construir | House |
| 19:42 | Crear | Villager (Male) |
| 19:42 | Crear | Villager (Male) |
| 19:47 | Crear | Monk |
| 19:52 | Crear | Villager (Male) |
| 19:54 | Construir | Farm |
| 19:55 | Construir | Farm |
| 19:55 | Construir | Farm |
| 20:06 | Construir | Fish Trap |
| 20:07 | Crear | Fishing Ship |
| 20:08 | Crear | Villager (Male) |
| 20:10 | Construir | Farm |
| 20:12 | Crear | Villager (Male) |
| 20:13 | Crear | Villager (Male) |
| 20:14 | Crear | Villager (Male) |
| 20:17 | Crear | Villager (Male) |
| 20:21 | Construir | Lumber Camp |
| 20:25 | Crear | Villager (Male) |
| 20:27 | Crear | Villager (Male) |
| 20:33 | Investigar | Gillnets |
Build order — TopperHarley14
Primeras 150 de 382 acciones detectadas
| 0:00 | Crear | Villager (Male) |
| 0:01 | Crear | Villager (Male) |
| 0:01 | Crear | Villager (Male) |
| 0:02 | Construir | House |
| 0:04 | Construir | House |
| 0:13 | Crear | Villager (Male) |
| 0:13 | Crear | Villager (Male) |
| 1:28 | Crear | Villager (Male) |
| 1:45 | Construir | Lumber Camp |
| 2:02 | Crear | Villager (Male) |
| 2:02 | Crear | Villager (Male) |
| 2:45 | Crear | Villager (Male) |
| 2:59 | Crear | Villager (Male) |
| 3:00 | Crear | Villager (Male) |
| 3:33 | Crear | Villager (Male) |
| 3:33 | Crear | Villager (Male) |
| 3:58 | Crear | Villager (Male) |
| 4:01 | Construir | House |
| 4:19 | Construir | Palisade Wall |
| 4:22 | Investigar | Loom |
| 4:47 | Construir | Dock |
| 4:54 | Crear | Villager (Male) |
| 4:55 | Crear | Villager (Male) |
| 5:14 | Crear | Villager (Male) |
| 5:18 | Construir | House |
| 5:36 | Crear | Villager (Male) |
| 5:36 | Crear | Villager (Male) |
| 5:36 | Crear | Villager (Male) |
| 5:37 | Crear | Villager (Male) |
| 5:46 | Crear | Fishing Ship |
| 6:03 | Construir | Palisade Wall |
| 6:05 | Crear | Villager (Male) |
| 6:17 | Crear | Fishing Ship |
| 7:00 | Crear | Villager (Male) |
| 7:00 | Crear | Villager (Male) |
| 7:04 | Crear | Fishing Ship |
| 7:34 | Crear | Villager (Male) |
| 7:37 | Construir | House |
| 7:41 | Crear | Fishing Ship |
| 8:11 | Construir | Mill |
| 8:28 | Construir | Palisade Wall |
| 9:32 | Investigar | Feudal Age |
| 9:49 | Construir | Palisade Wall |
| 10:35 | Construir | House |
| 10:45 | Crear | Villager (Male) |
| 10:45 | Crear | Villager (Male) |
| 11:27 | Construir | Mining Camp |
| 11:37 | Construir | Mining Camp |
| 11:42 | Edad | Edad Feudal |
| 11:49 | Construir | Blacksmith |
| 11:55 | Construir | Market |
| 12:21 | Construir | Fish Trap |
| 12:56 | Investigar | Castle Age |
| 13:05 | Construir | Fish Trap |
| 13:35 | Construir | Fish Trap |
| 13:44 | Crear | Villager (Male) |
| 13:48 | Investigar | Double-Bit Axe |
| 13:48 | Investigar | Double-Bit Axe |
| 14:13 | Construir | Fish Trap |
| 14:35 | Construir | House |
| 15:33 | Construir | Stone Wall |
| 15:36 | Edad | Edad de los Castillos |
| 15:46 | Construir | Town Center |
| 16:00 | Crear | Villager (Male) |
| 16:01 | Crear | Villager (Male) |
| 16:01 | Crear | Villager (Male) |
| 16:14 | Construir | Town Center |
| 16:20 | Crear | Villager (Male) |
| 16:22 | Crear | Fishing Ship |
| 16:34 | Investigar | Bow Saw |
| 16:35 | Crear | Villager (Male) |
| 16:59 | Investigar | Tech 906 |
| 17:12 | Construir | Fish Trap |
| 17:14 | Crear | Villager (Male) |
| 17:14 | Crear | Villager (Male) |
| 17:35 | Crear | Villager (Male) |
| 17:36 | Crear | Villager (Male) |
| 17:38 | Crear | Fishing Ship |
| 17:48 | Crear | Villager (Male) |
| 17:48 | Crear | Villager (Male) |
| 18:00 | Construir | Outpost |
| 18:07 | Crear | Fishing Ship |
| 18:19 | Construir | Dock |
| 18:21 | Construir | Fish Trap |
| 18:23 | Crear | Fishing Ship |
| 18:24 | Crear | Villager (Male) |
| 18:30 | Construir | House |
| 18:31 | Crear | Villager (Male) |
| 18:35 | Crear | Villager (Male) |
| 18:38 | Crear | Villager (Male) |
| 18:39 | Crear | Villager (Male) |
| 18:44 | Crear | Villager (Male) |
| 18:44 | Crear | Villager (Male) |
| 18:59 | Construir | Fish Trap |
| 19:04 | Construir | House |
| 19:06 | Construir | House |
| 19:18 | Construir | Dock |
| 19:19 | Crear | Fishing Ship |
| 19:20 | Crear | Fishing Ship |
| 19:21 | Crear | Villager (Male) |
| 19:21 | Crear | Villager (Male) |
| 19:22 | Crear | Villager (Male) |
| 19:27 | Crear | Villager (Male) |
| 19:38 | Construir | Mining Camp |
| 19:43 | Construir | Fish Trap |
| 19:48 | Crear | Fishing Ship |
| 19:49 | Crear | Villager (Male) |
| 19:49 | Crear | Fishing Ship |
| 19:49 | Crear | Fishing Ship |
| 20:02 | Construir | Town Center |
| 20:09 | Construir | Fish Trap |
| 20:13 | Crear | Villager (Male) |
| 20:13 | Crear | Villager (Male) |
| 20:13 | Crear | Villager (Male) |
| 20:16 | Crear | Fishing Ship |
| 20:20 | Construir | House |
| 20:28 | Construir | Fish Trap |
| 20:39 | Crear | Villager (Male) |
| 20:40 | Crear | Villager (Male) |
| 20:40 | Crear | Villager (Male) |
| 20:43 | Construir | Fish Trap |
| 20:48 | Construir | House |
| 20:48 | Construir | House |
| 20:49 | Construir | House |
| 20:51 | Crear | Villager (Male) |
| 20:58 | Investigar | Horse Collar |
| 20:59 | Crear | Villager (Male) |
| 21:02 | Construir | Fish Trap |
| 21:06 | Construir | Fish Trap |
| 21:09 | Construir | House |
| 21:15 | Crear | Villager (Male) |
| 21:20 | Construir | Farm |
| 21:21 | Construir | Farm |
| 21:21 | Construir | Farm |
| 21:21 | Construir | Farm |
| 21:28 | Construir | Farm |
| 21:35 | Construir | Fish Trap |
| 21:37 | Crear | Villager (Male) |
| 21:37 | Crear | Villager (Male) |
| 21:38 | Crear | Fishing Ship |
| 21:41 | Construir | House |
| 21:50 | Construir | Farm |
| 21:53 | Construir | Farm |
| 21:53 | Construir | Farm |
| 21:54 | Crear | Villager (Male) |
| 21:56 | Crear | Fishing Ship |
| 21:59 | Construir | Farm |
| 22:01 | Crear | Villager (Male) |
| 22:09 | Crear | Fishing Ship |
| 22:09 | Crear | Fishing Ship |
Build order — Festering Goblin_1
Primeras 150 de 255 acciones detectadas
| 0:01 | Crear | Villager (Male) |
| 0:01 | Crear | Villager (Male) |
| 0:01 | Crear | Villager (Male) |
| 0:02 | Crear | Villager (Male) |
| 0:02 | Construir | House |
| 0:04 | Construir | House |
| 1:23 | Construir | Palisade Wall |
| 1:25 | Crear | Villager (Male) |
| 2:01 | Investigar | Loom |
| 2:06 | Construir | Palisade Wall |
| 2:07 | Construir | Palisade Wall |
| 2:16 | Crear | Villager (Male) |
| 2:16 | Crear | Villager (Male) |
| 2:49 | Crear | Villager (Male) |
| 3:06 | Crear | Villager (Male) |
| 3:06 | Crear | Villager (Male) |
| 3:17 | Construir | Palisade Wall |
| 3:21 | Construir | Palisade Wall |
| 3:46 | Crear | Villager (Male) |
| 3:47 | Crear | Villager (Male) |
| 4:03 | Construir | Palisade Wall |
| 4:04 | Construir | Palisade Wall |
| 4:04 | Construir | Palisade Wall |
| 4:07 | Construir | Palisade Wall |
| 4:47 | Crear | Villager (Male) |
| 5:14 | Crear | Villager (Male) |
| 5:14 | Crear | Villager (Male) |
| 5:23 | Construir | Palisade Wall |
| 5:24 | Construir | Palisade Wall |
| 5:45 | Construir | Palisade Wall |
| 5:46 | Construir | Palisade Wall |
| 5:47 | Construir | Palisade Wall |
| 5:50 | Construir | Palisade Wall |
| 6:22 | Crear | Villager (Male) |
| 6:22 | Crear | Villager (Male) |
| 7:18 | Crear | Villager (Male) |
| 7:18 | Crear | Villager (Male) |
| 7:18 | Crear | Villager (Male) |
| 7:30 | Construir | Palisade Wall |
| 7:53 | Construir | Palisade Wall |
| 8:06 | Construir | Palisade Wall |
| 8:07 | Construir | Palisade Wall |
| 8:30 | Crear | Villager (Male) |
| 8:30 | Crear | Villager (Male) |
| 8:35 | Construir | Palisade Wall |
| 8:36 | Construir | Palisade Wall |
| 8:37 | Construir | Palisade Wall |
| 8:48 | Construir | Palisade Wall |
| 8:48 | Construir | Palisade Wall |
| 9:07 | Crear | Villager (Male) |
| 9:08 | Crear | Villager (Male) |
| 9:40 | Crear | Villager (Male) |
| 9:40 | Crear | Villager (Male) |
| 10:18 | Construir | Palisade Wall |
| 10:53 | Crear | Villager (Male) |
| 10:53 | Crear | Villager (Male) |
| 11:08 | Construir | Palisade Wall |
| 11:12 | Crear | Villager (Male) |
| 11:24 | Crear | Villager (Male) |
| 11:24 | Crear | Villager (Male) |
| 11:42 | Crear | Villager (Male) |
| 11:42 | Crear | Villager (Male) |
| 11:44 | Construir | Lumber Camp |
| 12:14 | Crear | Villager (Male) |
| 12:14 | Crear | Villager (Male) |
| 12:45 | Crear | Villager (Male) |
| 12:45 | Crear | Villager (Male) |
| 12:59 | Crear | Villager (Male) |
| 12:59 | Crear | Villager (Male) |
| 13:00 | Crear | Villager (Male) |
| 13:00 | Crear | Villager (Male) |
| 13:29 | Crear | Villager (Male) |
| 13:30 | Crear | Villager (Male) |
| 13:30 | Crear | Villager (Male) |
| 13:39 | Construir | House |
| 14:05 | Crear | Villager (Male) |
| 14:05 | Crear | Villager (Male) |
| 14:05 | Crear | Villager (Male) |
| 15:21 | Crear | Villager (Male) |
| 15:21 | Crear | Villager (Male) |
| 15:22 | Crear | Villager (Male) |
| 15:31 | Construir | Mill |
| 15:47 | Crear | Villager (Male) |
| 15:51 | Construir | House |
| 16:20 | Construir | House |
| 16:46 | Construir | Mill |
| 17:13 | Construir | Mining Camp |
| 17:30 | Investigar | Feudal Age |
| 17:31 | Investigar | Feudal Age |
| 19:00 | Crear | Villager (Male) |
| 19:08 | Crear | Villager (Male) |
| 19:40 | Edad | Edad Feudal |
| 19:41 | Investigar | Horse Collar |
| 19:48 | Construir | Stone Wall |
| 19:50 | Construir | Stone Wall |
| 19:51 | Construir | Stone Wall |
| 19:58 | Construir | Farm |
| 20:01 | Construir | Farm |
| 20:04 | Construir | Farm |
| 20:16 | Construir | Farm |
| 20:18 | Crear | Villager (Male) |
| 20:18 | Crear | Villager (Male) |
| 20:18 | Crear | Villager (Male) |
| 20:19 | Crear | Villager (Male) |
| 20:25 | Construir | House |
| 20:27 | Construir | House |
| 20:32 | Crear | Villager (Male) |
| 20:34 | Construir | Farm |
| 20:59 | Construir | Market |
| 21:01 | Construir | Blacksmith |
| 21:31 | Investigar | Double-Bit Axe |
| 21:34 | Crear | Villager (Male) |
| 21:35 | Crear | Villager (Male) |
| 21:35 | Crear | Villager (Male) |
| 21:35 | Crear | Villager (Male) |
| 21:39 | Crear | Villager (Male) |
| 21:39 | Crear | Villager (Male) |
| 21:40 | Crear | Villager (Male) |
| 21:40 | Crear | Villager (Male) |
| 21:55 | Construir | Stone Wall |
| 22:01 | Construir | Gate |
| 22:11 | Construir | Farm |
| 22:26 | Construir | Farm |
| 22:31 | Construir | Farm |
| 22:46 | Construir | Farm |
| 22:55 | Crear | Villager (Male) |
| 22:57 | Construir | Farm |
| 23:08 | Construir | Farm |
| 23:32 | Construir | Farm |
| 23:44 | Construir | Farm |
| 24:12 | Construir | Farm |
| 24:14 | Crear | Villager (Male) |
| 24:14 | Crear | Villager (Male) |
| 24:19 | Construir | Farm |
| 24:22 | Construir | Farm |
| 25:01 | Investigar | Castle Age |
| 25:01 | Investigar | Castle Age |
| 26:38 | Investigar | Stone Mining |
| 26:39 | Investigar | Gold Mining |
| 27:14 | Crear | Villager (Male) |
| 27:14 | Crear | Villager (Male) |
| 27:14 | Crear | Villager (Male) |
| 27:45 | Edad | Edad de los Castillos |
| 27:49 | Construir | Town Center |
| 27:52 | Crear | Villager (Male) |
| 27:54 | Investigar | Bow Saw |
| 27:55 | Investigar | Bow Saw |
| 28:05 | Construir | Town Center |
| 28:25 | Construir | Lumber Camp |
| 28:30 | Crear | Villager (Male) |
Cronología de la partida
| 0:51 | Rgeadn · wall_segment Palisade Wall x7 |
| 1:23 | Festering Goblin_1 · wall_segment Palisade Wall x9 |
| 1:48 | Rgeadn · wall_segment Palisade Wall x4 |
| 2:06 | Festering Goblin_1 · wall_segment Palisade Wall x1 |
| 2:07 | Festering Goblin_1 · wall_segment Palisade Wall x1 |
| 2:10 | Scherzkeks · wall_segment Palisade Wall x2 |
| 2:22 | Scherzkeks · wall_segment Palisade Wall x1 |
| 2:24 | Scherzkeks · wall_segment Palisade Wall x1 |
| 2:28 | Scherzkeks · wall_segment Palisade Wall x1 |
| 2:34 | Scherzkeks · wall_segment Palisade Wall x1 |
| 3:17 | Festering Goblin_1 · wall_segment Palisade Wall x1 |
| 3:21 | Festering Goblin_1 · wall_segment Palisade Wall x1 |
| 3:46 | Rgeadn · wall_segment Palisade Wall x1 |
| 3:50 | Scherzkeks · wall_segment Palisade Wall x2 |
| 4:03 | Festering Goblin_1 · wall_segment Palisade Wall x1 |
| 4:04 | Festering Goblin_1 · wall_segment Palisade Wall x1 |
| 4:04 | Festering Goblin_1 · wall_segment Palisade Wall x1 |
| 4:07 | Festering Goblin_1 · wall_segment Palisade Wall x1 |
| 4:19 | TopperHarley14 · wall_segment Palisade Wall x10 |
| 4:24 | Rgeadn · wall_segment Palisade Wall x1 |
| 4:36 | Toady · first_building Dock |
| 4:47 | TopperHarley14 · first_building Dock |
| 5:07 | LM | Gelga · first_building Dock |
| 5:22 | KekB_Perce1992 · wall_segment Palisade Wall x9 |
| 5:22 | Scherzkeks · wall_segment Palisade Wall x1 |
| 5:23 | Scherzkeks · wall_segment Palisade Wall x1 |
| 5:23 | Festering Goblin_1 · wall_segment Palisade Wall x1 |
| 5:24 | Scherzkeks · wall_segment Palisade Wall x1 |
| 5:24 | Festering Goblin_1 · wall_segment Palisade Wall x1 |
| 5:25 | KekB_Perce1992 · wall_segment Palisade Wall x9 |
| 5:45 | Festering Goblin_1 · wall_segment Palisade Wall x1 |
| 5:46 | Festering Goblin_1 · wall_segment Palisade Wall x1 |
| 5:47 | Festering Goblin_1 · wall_segment Palisade Wall x1 |
| 5:50 | Festering Goblin_1 · wall_segment Palisade Wall x1 |
| 5:55 | KekB_Perce1992 · wall_segment Palisade Wall x7 |
| 5:57 | Rgeadn · wall_segment Palisade Wall x9 |
| 6:03 | TopperHarley14 · wall_segment Palisade Wall x9 |
| 6:10 | Rgeadn · wall_segment Palisade Wall x8 |
| 6:35 | Toady · wall_segment Palisade Wall x1 |
| 6:37 | Toady · wall_segment Palisade Wall x1 |
| 6:43 | Toady · wall_segment Palisade Wall x1 |
| 6:44 | Toady · wall_segment Palisade Wall x1 |
| 7:03 | Toady · wall_segment Palisade Wall x1 |
| 7:30 | Festering Goblin_1 · wall_segment Palisade Wall x6 |
| 7:53 | Festering Goblin_1 · wall_segment Palisade Wall x1 |
| 7:56 | Torpedo · first_building Barracks |
| 8:06 | Festering Goblin_1 · wall_segment Palisade Wall x1 |
| 8:07 | Festering Goblin_1 · wall_segment Palisade Wall x1 |
| 8:22 | Scherzkeks · wall_segment Palisade Wall x1 |
| 8:28 | TopperHarley14 · wall_segment Palisade Wall x9 |
| 8:35 | Festering Goblin_1 · wall_segment Palisade Wall x1 |
| 8:36 | Festering Goblin_1 · wall_segment Palisade Wall x1 |
| 8:37 | Festering Goblin_1 · wall_segment Palisade Wall x1 |
| 8:48 | Festering Goblin_1 · wall_segment Palisade Wall x1 |
| 8:48 | Festering Goblin_1 · wall_segment Palisade Wall x1 |
| 8:56 | Scherzkeks · wall_segment Palisade Wall x1 |
| 9:08 | Torpedo · first_building Dock |
| 9:15 | Torpedo · age_up feudal |
| 9:18 | Torpedo · first_building Stable |
| 9:25 | Scherzkeks · wall_segment Palisade Wall x1 |
| 9:49 | TopperHarley14 · wall_segment Palisade Wall x10 |
| 10:18 | Festering Goblin_1 · wall_segment Palisade Wall x9 |
| 10:46 | Scherzkeks · first_building Dock |
| 11:03 | Toady · age_up feudal |
| 11:08 | Festering Goblin_1 · wall_segment Palisade Wall x3 |
| 11:23 | LM | Gelga · age_up feudal |
| 11:42 | TopperHarley14 · age_up feudal |
| 11:57 | Rgeadn · first_building Dock |
| 12:10 | Scherzkeks · wall_segment Palisade Wall x1 |
| 12:27 | Rgeadn · age_up feudal |
| 12:32 | Scherzkeks · wall_segment Palisade Wall x1 |
| 12:35 | Scherzkeks · wall_segment Palisade Wall x1 |
| 12:36 | Scherzkeks · wall_segment Palisade Wall x1 |
| 12:53 | TopperHarley14 · first_market_sell 100 food |
| 13:17 | Scherzkeks · wall_segment Palisade Wall x1 |
| 13:21 | Scherzkeks · wall_segment Palisade Wall x1 |
| 13:22 | Scherzkeks · wall_segment Palisade Wall x1 |
| 13:24 | Scherzkeks · wall_segment Palisade Wall x1 |
| 13:26 | Scherzkeks · wall_segment Palisade Wall x1 |
| 13:32 | Scherzkeks · wall_segment Palisade Wall x1 |
| 13:35 | Scherzkeks · wall_segment Palisade Wall x1 |
| 14:02 | KekB_Perce1992 · age_up feudal |
| 14:39 | Toady · age_up castle |
| 15:07 | LM | Gelga · age_up castle |
| 15:29 | KekB_Perce1992 · first_market_sell 100 wood |
| 15:33 | TopperHarley14 · wall_segment Stone Wall x12 |
| 15:36 | TopperHarley14 · age_up castle |
| 15:45 | Scherzkeks · wall_segment Palisade Wall x7 |
| 15:53 | Scherzkeks · wall_segment Palisade Wall x1 |
| 15:54 | Scherzkeks · wall_segment Palisade Wall x1 |
| 15:57 | Scherzkeks · wall_segment Palisade Wall x2 |
| 16:02 | Scherzkeks · wall_segment Palisade Wall x2 |
| 16:04 | Scherzkeks · wall_segment Palisade Wall x4 |
| 16:06 | Toady · first_market_buy 100 food |
| 16:22 | Rgeadn · age_up castle |
| 16:23 | Rgeadn · first_building Siege Workshop |
| 16:25 | Rgeadn · first_building Monastery |
| 16:33 | TopperHarley14 · first_market_buy 100 wood |
| 16:36 | KekB_Perce1992 · wall_segment Stone Wall x1 |
| 16:38 | KekB_Perce1992 · wall_segment Stone Wall x9 |
| 16:39 | KekB_Perce1992 · wall_segment Stone Wall x1 |
| 16:40 | Scherzkeks · wall_segment Palisade Wall x6 |
| 16:48 | KekB_Perce1992 · wall_segment Stone Wall x6 |
| 16:51 | KekB_Perce1992 · wall_segment Stone Wall x6 |
| 16:57 | KekB_Perce1992 · wall_segment Stone Wall x1 |
| 16:58 | KekB_Perce1992 · wall_segment Stone Wall x1 |
| 17:02 | Scherzkeks · wall_segment Palisade Wall x7 |
| 17:23 | Scherzkeks · age_up feudal |
| 17:27 | Scherzkeks · wall_segment Stone Wall x7 |
| 18:22 | KekB_Perce1992 · age_up castle |
| 18:25 | KekB_Perce1992 · first_building Siege Workshop |
| 18:40 | Scherzkeks · first_market_buy 100 food |
| 19:02 | Toady · first_building Monastery |
| 19:10 | Scherzkeks · first_market_sell 100 wood |
| 19:14 | LM | Gelga · first_building Barracks |
| 19:40 | Festering Goblin_1 · age_up feudal |
| 19:48 | Festering Goblin_1 · wall_segment Stone Wall x12 |
| 19:50 | Festering Goblin_1 · wall_segment Stone Wall x1 |
| 19:51 | Festering Goblin_1 · wall_segment Stone Wall x1 |
| 20:02 | LM | Gelga · first_building Stable |
| 20:17 | KekB_Perce1992 · first_market_buy 100 stone |
| 20:18 | Rgeadn · first_building Barracks |
| 20:54 | KekB_Perce1992 · first_building Castle |
| 21:32 | Toady · first_market_sell 100 wood |
| 21:55 | Festering Goblin_1 · wall_segment Stone Wall x8 |
| 21:58 | Scherzkeks · age_up castle |
| 22:00 | Torpedo · wall_segment Palisade Wall x1 |
| 22:54 | KekB_Perce1992 · first_building Barracks |
| 22:56 | TopperHarley14 · first_building Monastery |
| 23:42 | Rgeadn · wall_segment Stone Wall x12 |
| 23:56 | Torpedo · age_up castle |
| 24:19 | Torpedo · first_building Castle |
| 24:28 | Toady · first_building Barracks |
| 24:36 | Scherzkeks · wall_segment Stone Wall x7 |
| 24:42 | Festering Goblin_1 · first_market_sell 100 stone |
| 24:43 | Rgeadn · first_market_buy 100 food |
| 25:05 | Toady · first_building Archery Range |
| 25:24 | Toady · first_building Stable |
| 25:46 | Toady · first_building Castle |
| 25:50 | Scherzkeks · wall_segment Stone Wall x1 |
| 25:51 | Scherzkeks · wall_segment Stone Wall x1 |
| 25:52 | Scherzkeks · wall_segment Stone Wall x2 |
| 26:07 | Rgeadn · wall_segment Stone Wall x5 |
| 27:18 | TopperHarley14 · first_building Castle |
| 27:23 | TopperHarley14 · first_building Siege Workshop |
| 27:27 | LM | Gelga · first_building Monastery |
| 27:32 | TopperHarley14 · first_building Barracks |
| 27:33 | Toady · age_up imperial |
| 27:38 | Scherzkeks · first_building Castle |
| 27:45 | Festering Goblin_1 · age_up castle |
| 28:00 | LM | Gelga · first_market_sell 100 food |
| 28:24 | LM | Gelga · wall_segment Stone Wall x11 |
| 28:29 | TopperHarley14 · wall_segment Stone Wall x3 |
| 28:30 | TopperHarley14 · wall_segment Stone Wall x4 |
| 28:35 | Toady · first_building Siege Workshop |
| 28:37 | Scherzkeks · wall_segment Stone Wall x2 |
| 28:50 | Scherzkeks · wall_segment Stone Wall x1 |
| 28:51 | Scherzkeks · wall_segment Stone Wall x1 |
| 29:29 | Scherzkeks · wall_segment Stone Wall x2 |
| 29:31 | Torpedo · wall_segment Palisade Wall x1 |
| 29:33 | Scherzkeks · wall_segment Stone Wall x3 |
| 29:33 | TopperHarley14 · age_up imperial |
| 29:37 | LM | Gelga · first_building Archery Range |
| 30:01 | Festering Goblin_1 · wall_segment Stone Wall x10 |
| 30:15 | Festering Goblin_1 · wall_segment Stone Wall x9 |
| 30:18 | LM | Gelga · first_market_buy 100 stone |
| 30:19 | Toady · wall_segment Stone Wall x1 |
| 30:34 | LM | Gelga · first_building Castle |
| 30:38 | Festering Goblin_1 · wall_segment Stone Wall x2 |
| 30:52 | LM | Gelga · wall_segment Stone Wall x10 |
| 31:27 | LM | Gelga · age_up imperial |
| 31:34 | Toady · wall_segment Stone Wall x26 |
| 31:42 | Torpedo · first_building Monastery |
| 32:04 | Festering Goblin_1 · wall_segment Stone Wall x8 |
| 33:00 | Festering Goblin_1 · wall_segment Stone Wall x13 |
| 33:07 | Festering Goblin_1 · wall_segment Stone Wall x11 |
| 33:08 | TopperHarley14 · first_building Archery Range |
| 33:11 | Torpedo · age_up imperial |
| 33:23 | Festering Goblin_1 · wall_segment Stone Wall x12 |
| 33:52 | Festering Goblin_1 · wall_segment Stone Wall x12 |
| 33:56 | Festering Goblin_1 · wall_segment Stone Wall x6 |
| 34:02 | Festering Goblin_1 · wall_segment Stone Wall x1 |
| 34:03 | Festering Goblin_1 · wall_segment Stone Wall x3 |
| 34:26 | Festering Goblin_1 · first_building Siege Workshop |
| 34:41 | Festering Goblin_1 · wall_segment Stone Wall x1 |
| 34:56 | Festering Goblin_1 · wall_segment Stone Wall x12 |
| 35:04 | Festering Goblin_1 · wall_segment Stone Wall x1 |
| 35:31 | Scherzkeks · resign |
[ ANÁLISIS IA · 1 CRÉDITO ]
¿Qué pasó realmente en esta partida?
Wolo.gg analiza cada decisión: build order, eco, micro, errores típicos por bracket. Análisis personalizado por WhatsApp o Discord en 30 segundos.
Guía civ
Muiscas
Perfil
Jugador #15801143